 Dungeon Crawl Stone Soup version 0.31.0-11-ge490571c62 (webtiles) character file.

Game seed: 5965829642310461271

312 qw the Skirmisher (level 6, -3/35 HPs)
             Began as a Deep Elf Hunter on Feb 5, 2024.
             Blown up by Ijyb (15 damage)
             ... with a mindburst bolt
             ... on level 3 of the Dungeon.
             The game lasted 00:00:49 (2345 turns).

qw the Skirmisher (Deep Elf Hunter)                 Turns: 2345, Time: 00:00:49

Health: -3/35      AC:  9    Str: 10    XL:     6   Next: 18%
Magic:  8/8        EV:  9    Int: 14    God:
Gold:   201        SH:  0    Dex: 18    Spells: 5/5 levels left

rFire   . . .        a - +0 shortbow
rCold   . . .        (shield currently unavailable)
rNeg    . . .        f - +3 scale mail
rPois   .            (no helmet)
rElec   .            (no cloak)
rCorr   .            (no gloves)
SInv    .            (no boots)
Will    .....        (no amulet)
Stlth   +            (no ring)
HPRegen 0.25/turn    (no ring)
MPRegen 0.11/turn

%: no passive effects
@: no status effects
A: no striking features
a: no special abilities


You were on level 3 of the Dungeon.
You visited 1 branch of the dungeon, and saw 3 of its levels.

You collected 201 gold pieces.


   Skills:
 + Level 1.7 Fighting
 - Level 9.8 Ranged Weapons
 - Level 2.4 Dodging
 - Level 1.2 Stealth


You had 5 spell levels left.
You didn't know any spells.
Your spell library was empty.

Inventory:

Hand Weapons
 a - a +0 shortbow (weapon)
Armour
 f - a +3 scale mail (worn)
Jewellery
 g - a ring of magical power
Scrolls
 b - a scroll of teleportation
 c - 2 scrolls of identify
 i - a scroll of fear {unknown}
Potions
 d - a potion of heal wounds {unknown}
 e - a potion of might
 h - 2 potions of lignification {unknown}
 j - a potion of berserk rage {unknown}

Dungeon Overview and Level Annotations

Branches:
Dungeon (3/15)

Altars:
Kikubaaqudgha

Shops:
D:1 !

Annotations:
D:3 2 transporters, Ijyb


Message History

You feel very sick. The adder barely misses you. The adder misses you.
You shoot an arrow. The arrow misses the adder.
You feel sick. The adder closely misses you.
You shoot an arrow. The arrow hits the adder!
You kill the adder!
You feel sick.
You start resting.
You feel sick. x3
You are no longer poisoned.
HP restored.
You see here an adder corpse.
You shoot an arrow. The arrow hits Ijyb but does no damage.
Ijyb is lightly wounded.
Ijyb zaps a wand.
Your mind is blasted!
2332 ||| FLEEEEING.
Ijyb zaps a wand.
Your mind is blasted!
Ouch! That really hurt!
2333 ||| FLEEEEING.
2334 ||| FLEEEEING.
2335 ||| FLEEEEING.
2336 ||| FLEEEEING.
2337 ||| FLEEEEING.
2338 ||| FLEEEEING.
You start resting.
Ijyb is nearby!
You shoot an arrow. The arrow hits Ijyb!
Ijyb is heavily wounded.
You start resting.
Ijyb is nearby!
You shoot an arrow. The arrow barely misses Ijyb.
You shoot an arrow. The arrow hits Ijyb!
Ijyb is almost dead.
You shoot an arrow. The arrow hits Ijyb.
Ijyb is almost dead.
Ijyb hits you but does no damage.
You shoot an arrow. The arrow hits Ijyb but does no damage.
Ijyb is almost dead.
Ijyb hits you but does no damage.
Ijyb zaps a wand.
Your mind is blasted!
You die...

.............# #.# #.#......#
#.##########.######.####.#####.#
#.# #.............# #.# #.#
#.#####g.###### #.# #.# #.#
#..######## #.## #.# #.#
#.).......# #... #.## #.#
#.......#.# ####
>..#########.#####.#####.#.# #
................@g.# #)#.######
...############.#### #.........
#### #.# ####.######
#.#######..........
#.##...##.##.######
#.##.#.##>##.# #
#####.##.#.##.##.# #
#........#....##.######
#.###.##.####.[........


You could see Ijyb.

Vanquished Creatures
  Sigmund (D:3)
  Jessica (D:3)
  Terence (D:2)
  6 adders
  A ribbon worm (D:3)
  A dart slug (D:3)
  An orc (D:3)
  7 ball pythons
  A bat (D:1)
  8 endoplasms
  A giant cockroach (D:3)
  4 goblins
  7 hobgoblins
  5 kobolds
  2 quokkas
  2 frilled lizards
  3 rats
52 creatures vanquished.

Notes
Turn   | Place    | Note
-------+----------+-------------------------------------------
     0 | D:1      | qw the Deep Elf Hunter began the quest for the Orb.
     0 | D:1      | Reached XP level 1. HP: 12/12 MP: 3/3
     0 | D:1      | 0 ||| qw: Version: 0.3-a-160-g6735b56
     0 | D:1      | 0 ||| qw: Game counter: 6431
     0 | D:1      | 0 ||| qw: Melee chars always use a shield: true
     0 | D:1      | 0 ||| qw: God list: Okawaru
     0 | D:1      | 0 ||| qw: Allow faded altars: false
     0 | D:1      | 0 ||| qw: Do Orc after clearing Dungeon:15 true
     0 | D:1      | 0 ||| qw: Do second Lair branch before Depths: true
     0 | D:1      | 0 ||| qw: Lair rune preference: random
     0 | D:1      | 0 ||| qw: Goals: Normal
     0 | D:1      | 0 ||| PLANNING D:1-11
    13 | D:1      | Found Curo's Distillery.
    22 | D:1      | 22 ||| SHOPLISTING potion of cancellation (112 gold, have
                  | 0).
    22 | D:1      | 22 ||| SHOPLISTING potion of haste (140 gold, have 0).
    22 | D:1      | 22 ||| SHOPLISTING potion of heal wounds (70 gold, have 0).
    22 | D:1      | 22 ||| SHOPLISTING potion of might (56 gold, have 0).
   145 | D:1      | Reached XP level 2. HP: 16/16 MP: 4/4
   189 | D:1      | Reached skill level 6 in Ranged Weapons
   642 | D:1      | 642 ||| READING scroll labelled UTEIC GUOTOASS.
   642 | D:1      | 642 ||| ENCHANTING +0 shortbow.
   643 | D:1      | 643 ||| READING scroll labelled CAREDO VOWYE.
   644 | D:1      | 644 ||| READING scroll labelled DORUNT USMIQEI.
   647 | D:1      | 647 ||| DROPPING scroll of butterflies.
   839 | D:2      | Reached XP level 3. HP: 20/20 MP: 5/5
   888 | D:2      | Noticed Terence
   902 | D:2      | Killed Terence
   903 | D:2      | Reached skill level 7 in Ranged Weapons
   947 | D:2      | Reached XP level 4. HP: 25/25 MP: 6/6
  1488 | D:2      | 1488 ||| UPGRADING to +3 scale mail.
  1498 | D:2      | 1498 ||| DROPPING +0 leather armour.
  1499 | D:2      | 1499 ||| READING 2 scrolls labelled YNOTEM ISEFE.
  1499 | D:2      | 1499 ||| IDENTIFYING fizzy sapphire potion
  1500 | D:2      | 1500 ||| READING scroll of identify.
  1500 | D:2      | 1500 ||| IDENTIFYING glowing purple potion
  1501 | D:2      | 1501 ||| DROPPING potion of degeneration.
  1542 | D:3      | Found a transporter.
  1562 | D:3      | Reached skill level 8 in Ranged Weapons
  1620 | D:3      | Found an ancient bone altar of Kikubaaqudgha.
  1724 | D:3      | Noticed Jessica
  1729 | D:3      | Killed Jessica
  1826 | D:3      | Reached XP level 5. HP: 29/29 MP: 7/7
  1949 | D:3      | Found a transporter.
  2004 | D:3      | Noticed Sigmund
  2012 | D:3      | Killed Sigmund
  2013 | D:3      | Reached skill level 9 in Ranged Weapons
  2013 | D:3      | Reached XP level 6. HP: 34/34 MP: 8/8
  2133 | D:3      | Noticed Ijyb
  2139 | D:3      | HP: 8/34 [disintegration (14)]
  2140 | D:3      | 2140 ||| READING 2 scrolls of teleportation.
  2332 | D:3      | 2332 ||| FLEEEEING.
  2333 | D:3      | 2333 ||| FLEEEEING.
  2334 | D:3      | 2334 ||| FLEEEEING.
  2335 | D:3      | 2335 ||| FLEEEEING.
  2336 | D:3      | 2336 ||| FLEEEEING.
  2337 | D:3      | 2337 ||| FLEEEEING.
  2338 | D:3      | 2338 ||| FLEEEEING.
  2345 | D:3      | Blown up by Ijyb

Levels and vault maps discovered:
D:1:      lemuel_arrival_river_bridge, layout_loops_cross,
          shapermc_ecumenical_altar_petra, serial_shops, shop,
          corexii_hall_statues_l
D:2:      layout_basic, minmay_distorted, uniq_terence
D:3:      gammafunk_wand_slinger, layout_loops_ring,
          mainiacjoe_overflow_24_doors, dk_noncrumbling_4, uniq_ijyb,
          uniq_sigmund, uniq_jessica

Skill      XL: |  1  2  3  4  5 |
---------------+----------------+-----
Ranged Weapons | 6 7 8 9 |  9.8
Fighting       | |  1.7
Dodging        | |  2.4
Stealth        | |  1.2

Action                     |  1- 3 |  4- 6 || total
---------------------------+-------+-------++-------
   Fire: Shortbow          |    85 |    86 ||   171
    Use: Scroll            |     3 |     3 ||     6
 Armour: Leather armour    |    12 |       ||    12
         Scale mail        |       |    16 ||    16
  Dodge: Dodged            |    18 |    14 ||    32

Table legend:
 A = Non-vault XP
 B = Vault XP
 C = Vault XP percentage of total XP
 D = Non-vault monster count
 E = Vault monster count
 F = Vault count percentage of total count
                 A         B        C        D         E       F
            +---------+---------+-------+---------+---------+-------
      Total |     140 |     307 |  68.7 |      47 |       5 |   9.6
            +---------+---------+-------+---------+---------+-------
        D:1 |      30 |       0 |   0.0 |      18 |       0 |   0.0
        D:2 |      71 |      47 |  39.8 |      16 |       3 |  15.8
        D:3 |      39 |     260 |  87.0 |      13 |       2 |  13.3
            +---------+---------+-------+---------+---------+-------
